 Dungeon Crawl Stone Soup version 0.28.0 (webtiles) character file.

Game seed: 17540891556881881029

185 RighteousDevil the Poker (level 5, 0/41 HPs)
             Began as a Formicid Fighter on Feb 5, 2022.
             Was a Believer of Wu Jian.
             Slain by a hornet (15 damage)
             ... on level 5 of the Dungeon.
             The game lasted 00:03:44 (2521 turns).

RighteousDevil the Poker (Formicid Fighter)         Turns: 2521, Time: 00:03:45

Health: 0/41       AC:  6    Str: 26    XL:     5   Next: 96%
Magic:  5/5        EV:  9    Int:  8    God:    Wu Jian [**....]
Gold:   78         SH:  9    Dex: 12    Spells: 4/4 levels left

rFire   . . .      SeeInvis +   a - +0 trident
rCold   . . .      Faith    .   c - +0 buckler
rNeg    . . .      Spirit   .   b - +0 scale mail
rPois   .          Reflect  +   (helmet unavailable)
rElec   .          Harm     .   (no cloak)
rCorr   .          Rampage  .   (no gloves)
Will    .....                   (no boots)
Stlth   ..........              j - amulet of reflection
HPRegen 0.13/turn               h - +6 ring of strength
MPRegen 0.09/turn               (no ring)

@: no status effects
A: permanent stasis, dig shafts and tunnels, antennae 3, four strong arms
a: Dig, Shaft Self, Renounce Religion, Wall Jump


You were on level 5 of the Dungeon.
You worshipped Wu Jian.
Wu Jian was pleased with you.
You visited 1 branch of the dungeon, and saw 5 of its levels.

You collected 78 gold pieces.

Inventory:

Hand Weapons
 a - a +0 trident (weapon)
Armour
 b - a +0 scale mail (worn)
 c - a +0 buckler (worn)
Jewellery
 h - a +6 ring of strength (left hand)
 j - an amulet of reflection (around neck)
Wands
 e - a wand of charming (7)
Scrolls
 f - a scroll of enchant armour {unknown}
Potions
 d - a potion of might
 g - a potion of curing {unknown}
 i - a potion of mutation {unknown}
 k - a potion of cancellation {unknown}
 l - a potion of ambrosia {unknown}


   Skills:
 - Level 3.2 Fighting
 + Level 5.7 Polearms
 - Level 3.2 Armour
 - Level 3.6 Shields


You had 4 spell levels left.
You didn't know any spells.
Your spell library contained the following spells:

 Spells                   Type           Power      Damage    Failure   Level
 Sandblast                Erth           0%         2d4       77%         1
 Passwall                 Tmut/Erth      0%         N/A       88%         2
 Stone Arrow              Conj/Erth      0%         3d7       98%         3


Dungeon Overview and Level Annotations

Branches:
Dungeon (6/15)
 Temple: D:4-7

Altars:
Wu Jian


Innate Abilities, Weirdness & Mutations

You cannot be hasted, slowed, berserked, paralysed or teleported.
You can dig through walls and to a lower floor.
You have a pair of large antennae on your head. (SInv)
Your four strong arms can wield two-handed weapons with a shield.


Message History

You closely miss the orc.
The orc is heavily wounded.
The hornet buzzes angrily.
You block the orc's attack. The orc hits you but does no damage.
You hit the orc.
You kill the orc!
The Council accepts your kill. You block the orc's attack.
You block the orc's attack.
There is a stone staircase leading down, spattered with blood here.
Items here: ))) [[[ †.
You hit the orc.
You kill the orc!
The Council accepts your kill.
You closely miss the hornet. You block the hornet's attack.
The hornet stings you but does no damage.
You barely miss the hornet. The hornet closely misses you.
You hit the hornet but do no damage. The hornet stings you.
Your stasis prevents you from being slowed.
The hornet stings you!
Your stasis prevents you from being paralysed.
The hornet stings you!
Your stasis prevents you from being slowed.
You block the hornet's attack. The hornet closely misses you.
You see here a scroll labelled BOSTEC ENIMITEI.
f - a scroll labelled BOSTEC ENIMITEI The hornet barely misses you.
An orc comes into view. It is wielding a +0 morningstar.
Found 21 arrows.
The orc shouts!
An orc comes into view. It is wielding a +0 mace.
The hornet closely misses you.
The orc shouts!
An orc wizard and 2 orcs come into view.
An orc is wielding a +0 mace of protection.
Found a stone staircase leading down.
The orc wizard shouts!
The orc shouts! x2; You hear a shout!
The hornet stings you!
You die...

... #>....
...##.... #.
.o.....(. .#...#
.ooo..... ......
........# .#....
.......o##......
#...............
.#. #@......#
.(##. #y......#.
....##.........
#..#..........
####..#....##....
............#....
....#............
.# ##.....##....
##.#........


You could see a hornet, an orc wizard and 4 orcs.

Vanquished Creatures
  Natasha (twice) (D:2)
  An orc wizard (D:5)
  2 adders (D:2)
  A shadow imp (D:6)
  An adder skeleton (D:2)
  2 worms (D:2)
  A dart slug (D:2)
  5 orcs
  3 bats
  6 endoplasms
  4 giant cockroaches
  3 goblins
  4 hobgoblins
  9 jackals
  2 kobolds (D:1)
  5 quokkas
  6 ball pythons
  3 frilled lizards
  6 rats
66 creatures vanquished.

Vanquished Creatures (others)
  A rat (D:3)
  A plant (D:2)
2 creatures vanquished.

Grand Total: 68 creatures vanquished

Notes
Turn   | Place    | Note
-------+----------+-------------------------------------------
     0 | D:1      | RighteousDevil the Formicid Fighter began the quest for the
                  | Orb.
     0 | D:1      | Reached XP level 1. HP: 18/18 MP: 1/1
    98 | D:1      | Reached XP level 2. HP: 24/24 MP: 2/2
   216 | D:1      | Found a faded altar of an unknown god.
   228 | D:1      | Prayed at the altar of an unknown god.
   228 | D:1      | Became a worshipper of the Wu Jian Council
   228 | D:1      | Reached * piety under Wu Jian
   335 | D:1      | Reached skill level 3 in Polearms
   420 | D:1      | Reached XP level 3. HP: 29/29 MP: 3/3
  1268 | D:2      | Reached ** piety under Wu Jian
  1283 | D:2      | Reached skill level 4 in Polearms
  1283 | D:2      | Reached XP level 4. HP: 35/35 MP: 4/4
  1883 | D:2      | Noticed Natasha
  1902 | D:2      | Killed Natasha
  1903 | D:2      | Reached XP level 5. HP: 29/41 MP: 5/5
  1906 | D:2      | Reached skill level 5 in Polearms
  2109 | D:2      | Noticed Natasha
  2115 | D:2      | Killed Natasha
  2294 | D:3      | You fall into a shaft and drop 3 floors!
  2356 | D:6      | Found an ornate altar of the Wu Jian Council.
  2477 | D:6      | Noticed a sky beast
  2481 | D:5      | Entered Level 5 of the Dungeon
  2504 | D:5      | Noticed a hornet
  2521 | D:5      | Slain by a hornet

Illustrated notes

Levels and vault maps discovered:
D:1:      dpeg_arrival_simpleton_a, layout_basic,
          hellmonk_ecumenical_altar_run_dry, minivault_19, chequers_mini_garden
D:2:      layout_basic, minmay_shallow_snake_nest, uniq_natasha
D:3:      layout_basic, fiery_altar_vehumet, minmay_misc_feat_pillars
D:5:      layout_cave_pools, serial_shops, shop, serial_gnoll_camp,
          gnoll_camp_mini_sergeant, gnoll_camp_huts_basic,
          gnoll_camp_mini_loothouse, gnoll_camp_medium_02, nrook_mini_backslash,
          nicolae_shop_sticking_my_neck_out, uniq_ijyb, uniq_pikel,
          uniq_grinder, uniq_blork_the_orc, uniq_menkaure
D:6:      layout_gridville, tgw_sif, mainiacjoe_overflow_brackets, serial_shops,
          nicolae_shop_hallway_plus, enter_ossuary_1

Skill      XL: |  1  2  3  4  5 |
---------------+----------------+-----
Polearms       | 3 4 5 |  5.7
Fighting       | |  3.2
Armour         | |  3.2
Shields        | |  3.6

Action                   |  1- 3 |  4- 6 || total
-------------------------+-------+-------++-------
Melee: Trident           |   119 |   118 ||   237
Invok: Whirlwind         |       |     2 ||     2
       Lunge             |       |     1 ||     1
 Abil: Wall Jump         |       |     1 ||     1
  Use: Potion            |       |     1 ||     1
       Scroll            |       |     2 ||     2
Armor: Scale mail        |    47 |    28 ||    75
Dodge: Dodged            |    56 |    32 ||    88
Block: Buckler           |    15 |    48 ||    63
